Map: [ESL] Oceanborn

Players

Astrea - Winner!

  • Race: Protoss Protoss
  • League: Master
  • Spawn Location: 5:00

PtitDrogo

  • Race: Protoss Protoss
  • Spawn Location: 11:00

Event: HomeStory Cup XXIV

VOD

Have the link to the VOD?

Description

Time

  • Played on: Dec. 1, 2023, 2:12 p.m.
  • Length: 11:12

All games in this series

Show
View Real Time Build Order
Export as new Build Order

Astrea Protoss - Winner!

Build Orders: 1 Gate Expand 

Get SALT Encoding   

  12  0:00  Probe  
  13  0:12  Probe  
  14  0:17  Pylon  
  14  0:24  Probe (Chrono Boost)  
  15  0:36  Probe (Chrono Boost)  
  15  0:37  Gateway  
  16  0:44  Probe (Chrono Boost)  
  16  0:45  Assimilator  
  17  0:51  Probe  
  18  1:03  Probe  
  19  1:15  Probe  
  20  1:22  Nexus  
  20  1:29  Probe  
  21  1:34  Cybernetics Core  
  21  1:40  Assimilator  
  21  1:43  Probe  
  22  1:55  Probe  
  22  1:57  Pylon  
  23  2:12  Adept (Chrono Boost)  
  23  2:15  Probe  
  26  2:20  Stargate  
  26  2:27  Robotics Facility, Probe  
  26  2:29  Shield Battery  
  27  2:31  Warp Gate  
  27  2:36  Stalker  
  29  2:41  Probe  
  30  2:45  Probe  
  31  2:53  Probe  
  31  2:57  Probe  
  32  3:05  Probe  
  32  3:07  Shield Battery  
  32  3:09  Probe  
  34  3:17  Observer (Chrono Boost)  
  34  3:18  Probe  
  32  3:21  Probe  
  33  3:30  Probe  
  33  3:33  Probe  
  35  3:36  Immortal (Chrono Boost)  
  39  3:41  Sentry  
  39  3:42  Probe  
  39  3:45  Probe, Pylon  
  43  3:54  Probe  
  44  3:57  Probe  
  44  4:02  Nexus  
  45  4:06  Probe  
  47  4:10  Probe  
  47  4:14  Pylon  
  47  4:18  Probe  
  47  4:20  Sentry  
  47  4:22  Immortal (Chrono Boost)  
  54  4:32  Probe x2  
  54  4:35  Assimilator  
  56  4:44  Probe x2  
  58  4:48  Pylon  
  58  4:50  Shield Battery  
  58  4:54  Warp Prism (Chrono Boost)  
  58  4:55  Shield Battery  
  58  4:56  Probe  
  58  4:59  Probe  
  61  5:05  Stalker  
  61  5:09  Probe  
  61  5:11  Probe  
  60  5:14  Probe  
  57  5:21  Probe  
  57  5:27  Phoenix, Probe  
  57  5:29  Probe  
  57  5:34  Probe  
  58  5:39  Probe (Chrono Boost)  
  58  5:41  Probe (Chrono Boost)  
  60  5:46  Probe (Chrono Boost)  
  61  5:52  Probe (Chrono Boost)  
  61  5:53  Probe (Chrono Boost)  
  61  5:56  Probe (Chrono Boost)  
  68  5:58  Probe (Chrono Boost)  
  68  5:59  Probe (Chrono Boost)  
  68  6:00  Robotics Bay, Forge  
  68  6:01  Probe (Chrono Boost)  
  67  6:05  Probe  
  67  6:06  Robotics Facility  
  67  6:07  Probe  
  69  6:14  Probe  
  69  6:17  Probe  
  71  6:20  Probe  
  72  6:26  Protoss Ground Weapons Level 1 (Chrono Boost)  
  72  6:27  Probe (Chrono Boost)  
  72  6:30  Assimilator, Probe (Chrono Boost)  
  72  6:31  Pylon  
  72  6:32  Probe (Chrono Boost)  
  75  6:34  Phoenix  
  75  6:39  Probe (Chrono Boost)  
  76  6:42  Probe (Chrono Boost)  
  76  6:43  Probe (Chrono Boost)  
  76  6:44  Assimilator, Colossus (Chrono Boost)  
  76  6:45  Assimilator  
  76  6:46  Probe (Chrono Boost)  
  79  6:48  Probe (Chrono Boost), Pylon  
  79  6:49  Extended Thermal Lance, Probe (Chrono Boost)  
  93  6:57  Colossus (Chrono Boost)  
  93  6:58  Pylon  
  93  7:03  Observer  
  93  7:06  Pylon, Probe x3  
  96  7:12  Twilight Council  
  96  7:21  Photon Cannon  
  96  7:23  Pylon x2  
  96  7:26  Adept  
  96  7:29  Immortal (Chrono Boost)  
  98  7:31  Gateway  
  98  7:32  Gateway  
  98  7:33  Gateway  
  102  7:40  Resonating Glaives  
  102  7:44  Immortal (Chrono Boost)  
  106  7:51  Gateway  
  106  7:52  Gateway  
  106  7:59  Adept  
  106  8:04  Colossus  
  114  8:06  Protoss Ground Weapons Level 2 (Chrono Boost)  
  114  8:10  Pylon  
  114  8:12  Pylon  
  114  8:16  Colossus  
  120  8:22  Pylon  
  120  8:24  Pylon  
  120  8:30  Adept x4  
  128  8:48  Pylon, Adept x2  
  132  8:52  Photon Cannon, Stalker x3  
  132  8:54  Adept  
  140  9:06  Immortal  
  144  9:10  Immortal (Chrono Boost)  
  144  9:15  Adept x5  
  144  9:16  Adept  
  159  9:22  Pylon x3  
  159  9:34  Photon Cannon  
  159  9:36  Adept  
  159  9:38  Adept  
  160  9:43  Adept x4  
  168  9:46  Immortal (Chrono Boost)  
  168  9:47  Immortal (Chrono Boost)  
  175  10:07  Adept  
  175  10:08  Adept x5  
  187  10:19  Dark Shrine, Pylon  
  187  10:21  Pylon  
  169  10:37  Stargate x2  
  169  10:38  Nexus  
  169  10:39  Adept x6  
  169  11:05  Pylon  
Show
View Real Time Build Order
Export as new Build Order

PtitDrogo Protoss 

Build Orders: Zealot Archon 

Get SALT Encoding   

  12  0:00  Probe  
  13  0:12  Probe  
  14  0:17  Pylon  
  14  0:24  Probe (Chrono Boost)  
  15  0:36  Gateway, Probe (Chrono Boost)  
  16  0:45  Probe (Chrono Boost)  
  16  0:46  Assimilator  
  17  0:51  Probe  
  17  0:54  Assimilator  
  18  1:03  Probe (Chrono Boost)  
  19  1:12  Probe (Chrono Boost)  
  19  1:14  Gateway  
  19  1:18  Probe  
  20  1:23  Cybernetics Core  
  21  1:30  Probe  
  22  1:34  Pylon  
  22  1:42  Probe  
  23  1:54  Probe  
  23  1:59  Warp Gate (Chrono Boost)  
  24  2:01  Stalker x2  
  24  2:06  Probe  
  29  2:09  Pylon  
  29  2:18  Probe  
  30  2:31  Stalker x2  
  34  2:53  Nexus  
  34  2:56  Probe  
  35  3:05  Sentry  
  35  3:08  Probe  
  36  3:26  Probe  
  35  3:27  Shield Battery  
  35  3:30  Twilight Council  
  35  3:40  Stalker x2  
  39  3:45  Pylon  
  39  4:02  Blink (Chrono Boost)  
  39  4:03  Probe (Chrono Boost)  
  39  4:05  Probe (Chrono Boost)  
  43  4:17  Probe (Chrono Boost), Adept x2  
  43  4:21  Probe (Chrono Boost)  
  43  4:24  Probe (Chrono Boost)  
  47  4:27  Probe (Chrono Boost)  
  49  4:31  Probe  
  50  4:39  Probe, Adept x2  
  50  4:44  Probe  
  56  4:51  Probe  
  57  4:56  Probe  
  58  5:03  Probe  
  59  5:08  Probe  
  56  5:15  Probe  
  56  5:20  Probe  
  56  5:24  Nexus  
  56  5:25  Stalker x2  
  56  5:26  Forge  
  56  5:27  Probe, Pylon  
  61  5:32  Probe  
  60  5:39  Probe  
  59  5:44  Probe  
  59  5:48  Charge  
  59  5:49  Stalker x2  
  62  5:54  Pylon  
  62  5:55  Protoss Ground Weapons Level 1 (Chrono Boost), Probe (Chrono Boost)  
  62  5:56  Probe (Chrono Boost)  
  64  6:03  Pylon  
  65  6:04  Robotics Facility  
  65  6:06  Probe (Chrono Boost)  
  65  6:08  Pylon, Probe (Chrono Boost)  
  66  6:14  Probe (Chrono Boost)  
  66  6:16  Probe (Chrono Boost)  
  68  6:25  Probe (Chrono Boost)  
  70  6:26  Probe (Chrono Boost)  
  70  6:29  Gateway  
  70  6:30  Gateway, Probe (Chrono Boost)  
  71  6:35  Probe  
  71  6:38  Gateway x2  
  71  6:39  Templar Archives, Probe  
  73  6:42  Probe  
  73  6:43  Assimilator  
  73  6:45  Assimilator, Pylon  
  73  6:46  Zealot  
  76  6:47  Zealot  
  76  6:52  Observer  
  76  6:53  Pylon  
  79  6:57  Gateway  
  79  6:59  Gateway  
  79  7:03  Gateway  
  79  7:05  Gateway  
  79  7:06  Probe x2  
  79  7:07  Probe  
  82  7:09  Assimilator  
  82  7:12  Assimilator, Warp Prism (Chrono Boost)  
  83  7:24  Pylon  
  83  7:28  Probe x3  
  86  7:33  High Templar  
  86  7:34  High Templar, Zealot x4  
  98  7:37  Pylon  
  98  7:40  Archon  
  98  7:47  Pylon  
  98  7:49  Protoss Ground Weapons Level 2 (Chrono Boost)  
  98  7:59  High Templar  
  98  8:03  Nexus  
  98  8:04  Pylon  
  100  8:06  High Templar, Zealot x3  
  100  8:07  Zealot x3  
  100  8:12  Archon  
  114  8:16  Zealot x2  
  118  8:31  Zealot x2  
  118  8:32  Zealot x2  
  126  8:34  High Templar x2  
  126  8:35  Zealot  
  126  8:36  Probe x2  
  126  8:38  Photon Cannon  
  126  8:39  Photon Cannon, Probe  
  126  8:40  Archon  
  135  8:50  Robotics Bay  
  135  8:52  Robotics Facility  
  135  9:08  Probe x2  
  135  9:09  Probe  
  138  9:10  Shield Battery  
  138  9:20  Probe  
  138  9:22  Robotics Facility  
  139  9:25  Photon Cannon  
  139  9:30  Zealot x3  
  143  9:36  Disruptor (Chrono Boost)  
  143  9:39  Disruptor (Chrono Boost)  
  143  9:43  Stalker x7  
  155  10:02  Pylon  
  155  10:04  Pylon  
  155  10:06  Pylon  
  151  10:07  Pylon  
  147  10:18  Disruptor  
  147  10:20  Disruptor x2  
  155  10:25  Stalker x8  
  171  10:34  Stalker x2  
  89  10:57  Stalker x7  
Tags
 
Add a new tag
Caveats
  • Supply blocks, unpowered buildings, or Contaminate may cause inaccurate times.
  • Supply counts are checked every 10 seconds.